 Dungeon Crawl Stone Soup version 0.22.1-2-g9c5b331 (webtiles) character file.

798 lysyklops the Shield-Bearer (level 7, -11/44 HPs)
             Began as a Gargoyle Fighter on Dec 8, 2018.
             Was an Initiate of Okawaru.
             Mangled by an ogre
             ... wielding a +0 giant club
              (16 damage)
             ... on level 6 of the Dungeon.
             The game lasted 00:09:41 (4647 turns).

lysyklops the Shield-Bearer (Gargoyle Fighter)      Turns: 4647, Time: 00:09:41

Health: -11/44     AC: 18    Str: 21    XL:     7   Next: 89%
Magic:  8/8        EV:  4    Int:  9    God:    Okawaru [......]
Gold:   267        SH: 10    Dex:  9    Spells: 6/6 levels left

rFire    . . .     SeeInvis .   a - +0 flail
rCold    . . .     Gourm    .   c - +0 shield
rNeg     + . .     Faith    .   y - +0 plate armour
rPois    ∞         Spirit   .   (no helmet)
rElec    +         Reflect  .   (no cloak)
rCorr    .         Harm     .   (no gloves)
MR       .....                  u - +0 pair of boots
Stlth    ..........             (no amulet)
HPRegen  0.14/turn              (no ring)
MPRegen  0.11/turn              (no ring)

@: no status effects
A: negative energy resistance 1, electricity resistance, unbreathing,
petrification resistance, rot immunity, AC +4
a: Renounce Religion


You were on level 6 of the Dungeon.
You worshipped Okawaru.
Okawaru was noncommittal.
You were near starving.

You visited 2 branches of the dungeon, and saw 7 of its levels.

You collected 267 gold pieces.

Inventory:

Hand Weapons
 a - a +0 flail (weapon)
Armour
 c - a +0 shield (worn)
 u - a +0 pair of boots (worn)
 v - a +2 scale mail of fire resistance
 y - a +0 plate armour (worn)
Wands
 b - a wand of iceblast (6)
 r - a wand of random effects (17)
 s - a wand of polymorph (11)
Scrolls
 g - a scroll of amnesia {unknown}
 h - 2 scrolls of teleportation
 i - 2 scrolls of remove curse
 j - 7 scrolls of identify
 k - 4 scrolls of magic mapping
 l - 2 scrolls of random uselessness {unknown}
 o - a scroll of immolation {unknown}
 w - 2 scrolls of enchant weapon {unknown}
 x - a scroll of vulnerability {unknown}
Potions
 d - 4 potions of might
 e - 7 potions of curing
 m - 2 potions of degeneration {unknown}
 n - a potion of brilliance {unknown}
 p - 2 potions of lignification {unknown}
 q - a potion of magic {unknown}
 t - a potion of heal wounds {unknown}
Comestibles
 f - 7 rations


   Skills:
 + Level 5.5 Fighting
 + Level 4.5 Maces & Flails
 + Level 5.5 Armour
 + Level 5.6 Shields
 + Level 1.7 Invocations


You had 6 spell levels left.
You didn't know any spells.
Your spell library contained the following spells:

 Spells                   Type           Power        Failure   Level  Hunger
 Confusing Touch          Hex            #.....       100%        1    ##.....
 Confuse                  Hex            #.......     100%        3    ####...
 Gell's Gravitas          Tloc           #.........   100%        3    ####...
 Petrify                  Tmut/Erth      #.......     100%        4    #####..
 Metabolic Englaciation   Hex/Ice        #.........   100%        5    ######.
 Yara's Violent Unravell  Hex/Tmut       #.........   100%        5    ######.


Dungeon Overview and Level Annotations

Branches:
Dungeon (6/15)             Temple (1/1) D:4

Altars:
Dithmenos
Elyvilon
Gozag
Hepliaklqana
Okawaru
Qazlal
Sif Muna
Trog
Wu Jian
Yredelemnul


Innate Abilities, Weirdness & Mutations

You are resistant to torment.
Your stone body is resilient. (AC +4)
You are immune to poison.
You resist negative energy. (rN+)
You are resistant to electric shocks. (rElec)
You can survive without breathing.
You are immune to petrification.
You are immune to rotting.


Message History

The orc wizard hits you but does no damage.
The ogre hits you with a giant club.
* * * LOW HITPOINT WARNING * * *
Okay, then.
You hit the orc wizard.
The orc wizard is heavily wounded.
The worker ant bites you.
* * * LOW HITPOINT WARNING * * *
You block the worker ant's attack.
The orc wizard hits you but does no damage.
The ogre hits you with a giant club.
* * * LOW HITPOINT WARNING * * *
You closely miss the orc wizard.
The orc wizard is heavily wounded.
You block the worker ant's attack.
The orc wizard hits you but does no damage.
Your shield and plate armour prevent you from hitting the orc wizard.
The orc wizard is heavily wounded.
The worker ant barely misses you. The ogre hits you with a giant club!
You die...

.# . .# .# .##. ...
..# ##..# #aO.#
#..# #@#.# #..#
#o#.# #..#
##.#.#######..##
#......... ....
#.......## #<.#
#.......# #..#
#.......# #..#####
#...>...# #......#
#.......####.####.#


You could see an ogre, a worker ant and an orc wizard.

Vanquished Creatures
  An ice beast (D:5)
  A phantom (D:3)
  An ogre (D:5)
  A scorpion (D:5)
  A howler monkey (D:5)
  2 orc priests (D:4)
  A hound (D:4)
  A centaur skeleton (D:4)
  An iguana (D:4)
  An orc wizard (D:4)
  Jessica (D:2)
  A worker ant (D:4)
  4 adders
  6 gnolls (D:5)
  2 adder skeletons
  4 worms
  2 dart slugs (D:3)
  4 leopard geckos
  15 orcs
  6 goblins
  10 hobgoblins
  9 jackals
  6 quokkas
  7 bats
  2 frilled lizards (D:4)
  A jackal skeleton (D:4)
  6 kobolds
  5 rats
102 creatures vanquished.

Vanquished Creatures (others)
  A gnoll (D:5)
  A quokka (D:5)
2 creatures vanquished.

Grand Total: 104 creatures vanquished

Notes
Turn   | Place    | Note
-------+----------+-------------------------------------------
     0 | D:1      | lysyklops the Gargoyle Fighter began the quest for the Orb.
     0 | D:1      | Reached XP level 1. HP: 14/14 MP: 1/1
   410 | D:1      | Reached XP level 2. HP: 18/19 MP: 2/2
  1044 | D:2      | Reached XP level 3. HP: 17/23 MP: 3/3
  1100 | D:2      | Found a deep blue altar of Sif Muna.
  1146 | D:2      | Found a shadowy altar of Dithmenos.
  1271 | D:2      | Noticed Jessica
  1275 | D:2      | Killed Jessica
  1275 | D:2      | Reached XP level 4. HP: 22/29 MP: 4/4
  1544 | D:3      | Found an ornate altar of the Wu Jian Council.
  1664 | D:3      | Found a hazy altar of Hepliaklqana.
  1712 | D:3      | Noticed a phantom
  1742 | D:3      | Killed a phantom
  1742 | D:3      | Reached XP level 5. HP: 27/34 MP: 5/5
  2488 | D:4      | Reached XP level 6. HP: 35/39 MP: 6/6
  2746 | D:4      | Found a shadowy altar of Dithmenos.
  3058 | D:4      | Found a staircase to the Ecumenical Temple.
  3064 | Temple   | Entered the Ecumenical Temple
  3122 | Temple   | Became a worshipper of Warmaster Okawaru
  3309 | D:5      | Entered Level 5 of the Dungeon
  3309 | D:5      | Noticed a phantom
  3323 | D:4      | Reached skill level 5 in Shields
  3331 | D:4      | Reached skill level 5 in Fighting
  3331 | D:4      | Reached skill level 5 in Armour
  3474 | D:4      | Reached XP level 7. HP: 33/44 MP: 7/7
  3511 | D:5      | Found a white marble altar of Elyvilon.
  3606 | D:5      | Found an opulent altar of Gozag.
  3747 | D:5      | Reached skill level 1 in Invocations
  3914 | D:5      | Found a stormy altar of Qazlal.
  4647 | D:6      | Mangled by an ogre

Skill      XL: |  1  2  3  4  5  6  7 |
---------------+----------------------+-----
Shields        | 4 5 |  5.6
Fighting       | 4 5 |  5.5
Armour         | 4 5 |  5.5
Maces & Flails | 3 4 |  4.5
Invocations    | 1 |  1.7

Action                   |  1- 3 |  4- 6 |  7- 9 || total
-------------------------+-------+-------+-------++-------
Melee: Flail             |   103 |   297 |   152 ||   552
  Use: Scroll            |       |     2 |     2 ||     4
  Eat: Chunk             |     1 |     5 |     2 ||     8
       Ration            |       |     1 |       ||     1
Armor: Scale mail        |    83 |   171 |    10 ||   264
       Plate armour      |       |       |   116 ||   116
Dodge: Dodged            |    56 |    95 |    41 ||   192
Block: Shield            |    77 |   151 |    80 ||   308
